 Dungeon Crawl Stone Soup version 0.19.0 (webtiles) character file.

18768 bombasticus the Carver (level 12, -3/168 HPs)
             Began as a Minotaur Berserker on Nov 14, 2016.
             Was a High Priest of Trog.
             Slain by a fire dragon (8 damage)
             ... on level 15 of the Dungeon.
             The game lasted 00:28:07 (7314 turns).

bombasticus the Carver (Minotaur Berserker)         Turns: 7314, Time: 00:28:08

Health: -3/168     AC: 15    Str: 31    XL:     12   Next: 30%
Magic:  11/11      EV:  9    Int:  4    God:    Trog [*****.]
Gold:   632        SH:  8    Dex: 11    Spells: 0 memorised, 11 levels left

rFire  . . .     SeeInvis .     q - +2 spear (freeze)
rCold  . . .     Gourm    +     I - +0 chain mail
rNeg   . . .     Faith    .     Y - +0 shield
rPois  +         Spirit   .     y - +0 hat
rElec  .         Reflect  .     N - +2 cloak
rCorr  .         Harm     .     (no gloves)
MR     +....                    (no boots)
Stlth  ..........               k - amulet of the gourmand
                                C - ring of poison resistance
                                G - ring of protection from magic

@: berserking, very quick
A: retaliatory headbutt, horns 2, mutation resistance 1, no device heal 1
a: Berserk, Trog's Hand, Brothers in Arms, Burn Spellbooks, Renounce Religion


You were on level 15 of the Dungeon.
You worshipped Trog.
Trog was extremely pleased with you.
You were not hungry.

You visited 1 branch of the dungeon, and saw 14 of its levels.

You collected 632 gold pieces.

Inventory:

Hand Weapons
 p - a +2 vampiric short sword
 q - a +2 spear of freezing (weapon)
 u - a +2 hand axe of flaming
 z - a +2 trident
 A - a +2 flail
 D - a +4 scimitar of flaming
 K - a +2 falchion of draining
Armour
 y - a +0 hat (worn)
 I - a +0 chain mail (worn)
 N - a +2 cloak (worn)
 Y - a +0 shield (worn)
Jewellery
 k - an amulet of the gourmand (around neck)
 C - a ring of poison resistance (right hand)
 G - a ring of protection from magic (left hand)
Wands
 v - a wand of disintegration (15/24)
 w - a wand of enslavement (7/24)
 P - a wand of enslavement (13/24)
 Q - a wand of confusion (33/48)
 T - a wand of flame (21/48)
 V - a wand of flame (19/48)
 W - a wand of lightning (1/15)
 Z - a wand of hasting (3/9)
Scrolls
 f - a scroll of magic mapping {unknown}
 i - a scroll of amnesia {unknown}
 j - 2 scrolls of remove curse
 o - a scroll of enchant armour {unknown}
 t - 4 scrolls of teleportation
 H - 3 scrolls of blinking
 M - a scroll of summoning {unknown}
 O - 5 scrolls of enchant weapon
 R - 2 scrolls of recharging
 U - a scroll of fear {unknown}
Potions
 a - a potion of lignification {unknown}
 b - 2 potions of ambrosia {unknown}
 e - 2 potions of haste {unknown}
 g - 2 potions of cancellation {unknown}
 m - a potion of might {unknown}
 n - 4 potions of curing
 r - 3 potions of invisibility
 x - a potion of resistance {unknown}
 B - 2 potions of agility {unknown}
 F - 2 potions of heal wounds
 J - a potion of magic {unknown}
 L - a potion of brilliance {unknown}
 S - a potion of degeneration {unknown}
 X - a potion of berserk rage {unknown}
Comestibles
 c - 4 bread rations
 d - a slice of pizza
 h - 4 meat rations
 l - 8 fruits
 s - 5 beef jerkies
 E - 2 royal jellies


   Skills:
 + Level 11.9 Fighting
 + Level 9.7(12.1) Short Blades
 + Level 12.9(14.2) Long Blades
 + Level 11.9 Armour
 + Level 6.3 Dodging
 + Level 2.4 Stealth
 + Level 0.2 Shields


You had 11 spell levels left.
You didn't know any spells.

Dungeon Overview and Level Annotations

Branches:
Dungeon (15/15)               Orc (0/2) D:9          Vaults (0/5) D:13
 Temple: D:4-7         Lair: D:8-11      Depths: D:15

Altars:
Makhleb
Qazlal
The Shining One

Shops:
D:9 =


Innate Abilities, Weirdness & Mutations

You reflexively headbutt those who attack you in melee.
You have a pair of horns on your head.
You are somewhat resistant to further mutation.
Potions and wands are less effective at restoring your health.


Message History

* * * LOW HITPOINT WARNING * * *
The fire dragon claws you.
* * * LOW HITPOINT WARNING * * *
The fire dragon tramples you but does no damage.
You completely miss the fire dragon. You headbutt the fire dragon.
The fire dragon is lightly wounded.
You block the fire dragon's attack. The fire dragon barely misses you.
The fire dragon misses you.
Unknown command.
You puncture the fire dragon! You freeze the fire dragon.
The fire dragon is moderately wounded.
The fire dragon bites you.
* * * LOW HITPOINT WARNING * * *
The fire dragon completely misses you. The fire dragon tramples you.
* * * LOW HITPOINT WARNING * * *
You hold your ground!
The fire dragon bites you.
* * * LOW HITPOINT WARNING * * *
The fire dragon claws you but does no damage.
The fire dragon tramples you!
You die...

#............
#............
#..<.........
#............
#........(... ####
.............. $$$$.
..............
......#####..##########..
#..D@.##. #..
......##D..############..
$($$. ##.8..##...........
#### ##......#...........
......................
......................
......................
......................
......................


You could see 2 fire dragons.

Vanquished Creatures
  A vault guard (D:13)
  Erica (D:9)
  A tengu warrior (D:13)
  An unseen horror (D:10)
  A hill giant (D:13)
  3 necromancers (D:13)
  3 deep elf magi
  A centaur zombie (D:10)
  2 gargoyles
  3 centaur skeletons
  The ghost of PrincessPwny the Carver, a novice HuBe of Trog (D:4)
  A yaktaur (D:13)
  A redback zombie (D:13)
  2 trolls (D:10)
  A tengu conjurer (D:13)
  5 slime creatures (D:13)
  Prince Ribbit (D:7)
  3 hippogriffs
  2 two-headed ogres
  A wraith (D:15)
  18 humans (D:13)
  A wyvern (D:13)
  2 hungry ghosts
  A basilisk (D:13)
  6 vampire mosquitoes
  2 mottled dragons (D:13)
  2 soldier ants
  A water moccasin (D:7)
  6 ice beasts
  3 orc warriors
  A sky beast (D:7)
  5 necrophages
  A phantom (D:13)
  4 centaurs
  2 ogres
  A crocodile (D:13)
  A big kobold (D:7)
  6 bullfrogs
  A scorpion (D:8)
  3 killer bees (D:7)
  6 wights (D:7)
  5 howler monkeys
  A bullfrog zombie (D:10)
  A crimson imp (D:10)
  2 bullfrog skeletons
  4 hounds
  2 jellies (D:5)
  2 orc priests
  2 orc wizards (D:7)
  3 iguanas
  6 worker ants
  2 mummies (D:7)
  2 worker ant zombies
  4 gnolls (D:9)
  2 howler monkey skeletons
  7 adders
  A shadow imp (D:7)
  An ooze (D:1)
  An adder zombie (D:7)
  An adder skeleton (D:9)
  2 dart slugs (D:5)
  A leopard gecko (D:4)
  13 orcs
  2 ball pythons
  A giant cockroach (D:7)
  A goblin (D:2)
  A hobgoblin (D:1)
  11 jackals
  5 frilled lizards
  4 kobolds
  4 rats
202 creatures vanquished.

Vanquished Creatures (others)
  A withered plant (D:7)
1 creature vanquished.

Grand Total: 203 creatures vanquished

Notes
Turn   | Place    | Note
-------+----------+-------------------------------------------
     0 | D:1      | bombasticus the Minotaur Berserker began the quest for the Orb.
     0 | D:1      | Reached XP level 1. HP: 19/19 MP: 0/0
    99 | D:1      | Reached skill level 4 in Long Blades
    99 | D:1      | Reached XP level 2. HP: 25/27 MP: 1/1
   272 | D:3      | Reached XP level 3. HP: 22/33 MP: 2/2
   380 | D:3      | Found a faded altar of an unknown god.
   500 | D:4      | Noticed PrincessPwny's ghost (novice HuBe)
   509 | D:4      | Killed PrincessPwny's ghost
   509 | D:4      | Reached skill level 5 in Fighting
   509 | D:4      | Reached skill level 5 in Long Blades
   509 | D:4      | Reached XP level 4. HP: 31/42 MP: 3/3
   509 | D:4      | Reached XP level 5. HP: 36/49 MP: 4/4
   509 | D:4      | Reached XP level 6. HP: 41/56 MP: 5/5
   603 | D:4      | Reached ** piety under Trog
   833 | D:5      | Entered Level 5 of the Dungeon
   842 | D:5      | Found a glowing golden altar of the Shining One.
   931 | D:5      | Found a burning altar of Makhleb.
   940 | D:5      | Found a stormy altar of Qazlal.
   951 | D:5      | Reached XP level 7. HP: 27/63 MP: 6/6
  1335 | D:7      | Reached skill level 5 in Short Blades
  1335 | D:7      | Reached skill level 1 in Stealth
  1516 | D:7      | Noticed a hippogriff
  1572 | D:8      | Reached XP level 8. HP: 48/71 MP: 7/7
  1594 | D:9      | Found Bel Utautz's Jewellery Shoppe.
  1616 | D:9      | Noticed Erica
  1627 | D:9      | Killed Erica
  1627 | D:9      | Reached skill level 5 in Armour
  1631 | D:9      | Found a staircase to the Orcish Mines.
  1954 | D:10     | Entered Level 10 of the Dungeon
  1971 | D:10     | Reached XP level 9. HP: 75/80 MP: 8/8
  2340 | D:10     | Noticed a troll
  2347 | D:10     | Killed a troll
  2347 | D:10     | Reached *** piety under Trog
  2398 | D:10     | Noticed a troll
  2404 | D:10     | Killed a troll
  2404 | D:10     | Reached skill level 5 in Dodging
  2593 | D:10     | Reached skill level 6 in Long Blades
  2730 | D:10     | Killed an unseen horror
  2730 | D:10     | Reached XP level 10. HP: 89/89 MP: 9/9
  3063 | D:7      | Reached skill level 7 in Long Blades
  3194 | D:7      | Noticed Prince Ribbit
  3206 | D:7      | Killed Prince Ribbit
  3236 | D:7      | Gained mutation: Potions and wands are less effective at restoring your health. [mutagenic meat]
  3237 | D:7      | Gained mutation: You are somewhat resistant to further mutation. [mutagenic meat]
  3333 | D:7      | Reached skill level 8 in Long Blades
  3340 | D:7      | Reached **** piety under Trog
  4064 | D:11     | You fall through a shaft for 2 floors!
  4064 | D:13     | Noticed a deep elf mage
  4071 | D:13     | Killed a deep elf mage
  4071 | D:13     | Reached skill level 9 in Long Blades
  4079 | D:13     | Reached skill level 10 in Armour
  4275 | D:13     | Reached skill level 10 in Fighting
  4275 | D:13     | Reached XP level 11. HP: 52/95 MP: 10/10
  4669 | D:13     | Noticed a hill giant
  4676 | D:13     | Killed a hill giant
  4866 | D:13     | Noticed a tengu warrior
  4872 | D:13     | Killed a tengu warrior
  4872 | D:13     | Reached skill level 10 in Long Blades
  4992 | D:13     | Reached skill level 11 in Long Blades
  4999 | D:13     | Noticed a necromancer
  5005 | D:13     | Killed a necromancer
  5005 | D:13     | Reached ***** piety under Trog
  5008 | D:13     | Noticed a necromancer
  5020 | D:13     | Killed a necromancer
  5048 | D:13     | Noticed a vault guard
  5062 | D:13     | Killed a vault guard
  5335 | D:13     | Noticed a necromancer
  5345 | D:13     | Killed a necromancer
  5574 | D:13     | Reached skill level 12 in Long Blades
  5864 | D:13     | Reached XP level 12. HP: 75/110 MP: 11/11
  6419 | D:13     | Found a gate to the Vaults.
  7143 | D:15     | Entered Level 15 of the Dungeon
  7299 | D:15     | Noticed a fire dragon
  7299 | D:15     | Noticed a fire dragon
  7314 | D:15     | HP: 5/168 [fire dragon (6)]
  7314 | D:15     | Slain by a fire dragon

Skill      XL: |  1  2  3  4  5  6  7  8  9 10 11 |
---------------+----------------------------------+-----
Long Blades    | 4 5 6 9 12 | 12.9
Fighting       | 4 5 6 7 8 10 11 | 11.9
Short Blades   | 2 3 5 7 9 |  9.7
Armour         | 3 4 5 8 10 11 | 11.9
Dodging        | 3 4 5 6 |  6.3
Stealth        | 1 2 |  2.4
Shields        | |  0.2

Action                   |  1- 3 |  4- 6 |  7- 9 | 10-12 || total
-------------------------+-------+-------+-------+-------++-------
Melee: Falchion          |     8 |       |       |       ||     8
       Headbutt          |     6 |     5 |    29 |    88 ||   128
       Rapier            |    37 |    24 |    94 |       ||   155
       Scimitar          |       |       |    29 |   368 ||   397
       Spear             |       |       |       |    12 ||    12
Invok: Berserk           |     1 |       |     2 |     6 ||     9
       Burn Spellbooks   |       |       |     1 |       ||     1
       Brothers in Arms  |       |       |       |     1 ||     1
  Use: Scroll            |       |       |       |     9 ||     9
       Potion            |       |       |       |     5 ||     5
  Eat: Chunk             |    11 |     4 |    11 |    37 ||    63
Armor: Animal skin       |     3 |       |       |       ||     3
       Leather armour    |     5 |     1 |       |       ||     6
       Ring mail         |       |     2 |     9 |       ||    11
       Chain mail        |       |       |    30 |   186 ||   216
Dodge: Dodged            |    34 |    15 |    54 |   196 ||   299
Block: Shield            |       |       |       |    27 ||    27
       Rpst.: Falchion   |     2 |       |       |       ||     2
       Scimitar          |       |       |     3 |    41 ||    44
